Map: Ruins of Seras

Players

CaptainDANK

  • Race: Zerg Zerg
  • League: Gold

Manta - Winner!

  • Race: Zerg Zerg
  • League: Silver

VOD

Have the link to the VOD?

Description

Time

  • Played on: Feb. 19, 2016, 9:11 p.m.
  • Length: 13:56
Show
View Real Time Build Order
Export as new Build Order

CaptainDANK Zerg 

Build Orders: Hatch First 

Get SALT Encoding   

  12  0:01  Drone  
  13  0:08  Drone  
  14  0:38  Hatchery  
  13  0:44  Overlord  
  13  0:49  Drone  
  14  1:03  Drone x2  
  16  1:08  Drone  
  17  1:16  Spawning Pool  
  16  1:19  Drone  
  16  1:22  Extractor  
  16  1:28  Drone  
  17  1:39  Drone  
  18  1:49  Drone  
  19  2:04  Queen  
  19  2:06  Queen  
  23  2:09  Drone x3  
  26  2:18  Drone x2  
  28  2:24  Metabolic Boost  
  28  2:36  Overlord  
  28  2:43  Overlord  
  28  2:55  Zergling x10  
  33  2:59  Drone  
  34  3:06  Drone  
  35  3:22  Roach Warren  
  35  3:24  Drone x3  
  35  3:25  Drone, Hatchery  
  37  3:28  Drone  
  37  3:31  Drone  
  39  3:44  Extractor  
  38  3:54  Drone  
  38  3:55  Zergling x10  
  44  3:57  Overlord x2  
  44  4:14  Lair  
  44  4:19  Roach  
  44  4:20  Roach x5  
  56  4:38  Roach  
  56  4:39  Roach x3  
  64  5:02  Roach  
  64  5:03  Overlord x3  
  66  5:09  Overlord x3  
  66  5:10  Overlord  
  66  5:22  Extractor  
  66  5:25  Drone x3  
  66  5:26  Roach x3  
  66  5:27  Roach x2  
  78  5:32  Queen  
  81  5:35  Drone  
  81  5:36  Drone  
  82  5:43  Spore Crawler  
  82  5:47  Spore Crawler  
  82  5:49  Spore Crawler  
  79  5:55  Drone, Spore Crawler  
  78  6:29  Spire  
  78  6:31  Roach x5  
  78  6:32  Roach  
  91  6:33  Roach  
  91  6:54  Drone x3  
  91  6:55  Drone x5  
  99  7:09  Extractor  
  99  7:14  Roach x5  
  99  7:15  Roach x3  
  108  7:32  Roach x4  
  104  7:47  Ravager x2  
  104  7:48  Ravager x2  
  108  7:53  Mutalisk x2  
  108  7:54  Mutalisk  
  100  8:15  Spore Crawler  
  100  8:16  Spore Crawler, Mutalisk  
  100  8:17  Spore Crawler, Mutalisk  
  97  8:52  Spore Crawler  
  96  9:01  Mutalisk  
  98  9:02  Overlord  
  98  9:03  Overlord x2  
  98  9:04  Overlord x2  
  98  9:05  Overlord x2  
  98  9:26  Queen  
  98  9:28  Queen  
  102  9:37  Zerg Flyer Armor Level 1  
  102  9:38  Mutalisk x4  
  109  9:58  Mutalisk x2  
  113  10:01  Drone, Zergling x8  
  113  10:02  Drone  
  119  10:15  Drone x5  
  119  10:16  Drone x2  
  121  10:39  Mutalisk x3  
  117  10:49  Spore Crawler  
  114  10:51  Spore Crawler  
  114  10:52  Spore Crawler  
  114  10:53  Spore Crawler  
  114  10:54  Spore Crawler  
  107  10:58  Spore Crawler  
  101  11:22  Mutalisk  
  101  11:23  Mutalisk x2  
  101  11:37  Mutalisk  
  103  12:03  Drone  
  103  12:04  Drone x5  
  103  12:05  Drone x4  
  113  12:25  Extractor  
  113  12:28  Mutalisk x3  
  113  12:29  Mutalisk x2  
  122  12:41  Mutalisk  
  122  12:42  Mutalisk, Extractor  
  125  13:02  Mutalisk x2  
  108  13:28  Mutalisk  
  108  13:29  Mutalisk x3  
Show
View Real Time Build Order
Export as new Build Order

Manta Zerg - Winner!

Build Orders: Pool First 

Get SALT Encoding   

  12  0:05  Drone  
  13  0:12  Drone  
  14  0:17  Overlord  
  14  0:23  Extractor  
  14  0:25  Drone  
  15  0:40  Spawning Pool  
  14  0:44  Extractor  
  14  0:45  Drone  
  14  1:14  Hatchery  
  13  1:26  Zergling x2  
  13  1:27  Zergling x4  
  16  1:40  Drone  
  16  1:44  Metabolic Boost  
  17  1:49  Drone  
  18  2:06  Baneling Nest  
  18  2:08  Drone  
  18  2:19  Queen  
  18  2:22  Drone  
  21  2:30  Overlord  
  21  2:33  Drone  
  22  2:38  Drone  
  22  2:43  Drone  
  24  2:51  Baneling x2  
  24  2:54  Drone  
  24  2:56  Drone  
  27  2:58  Drone  
  27  3:01  Drone  
  28  3:09  Queen  
  30  3:14  Extractor  
  28  3:20  Baneling  
  28  3:23  Baneling  
  28  3:24  Zergling x6  
  31  3:42  Lair  
  31  3:43  Drone  
  31  3:44  Drone x3  
  31  3:48  Drone  
  36  4:10  Spore Crawler  
  36  4:13  Spore Crawler  
  34  4:21  Drone x3, Extractor  
  34  4:23  Overlord  
  34  4:24  Overlord x2  
  36  4:28  Overlord  
  36  4:39  Overlord  
  36  4:40  Overlord  
  36  4:55  Spire  
  36  4:56  Drone x3  
  38  5:04  Queen  
  40  5:11  Zergling x4  
  40  5:13  Drone  
  43  5:16  Drone  
  43  5:18  Drone  
  45  5:21  Drone  
  45  5:25  Drone x2  
  48  5:49  Hatchery  
  47  5:57  Extractor  
  46  6:07  Mutalisk x5  
  46  6:08  Mutalisk  
  58  6:22  Mutalisk  
  58  6:24  Zergling x10  
  65  6:28  Drone  
  65  6:29  Drone x2  
  65  6:30  Drone  
  69  6:40  Mutalisk x2  
  69  6:42  Drone  
  69  6:45  Drone  
  75  6:52  Drone  
  76  7:03  Baneling  
  76  7:04  Baneling x2  
  76  7:08  Mutalisk x2  
  80  7:36  Mutalisk  
  82  7:40  Overlord x2  
  82  7:41  Overlord  
  82  8:42  Pneumatized Carapace  
  82  8:56  Drone x11  
  82  8:57  Queen  
  95  9:03  Hatchery  
  95  9:04  Queen  
  95  9:05  Hatchery  
  95  9:07  Hatchery  
  94  9:13  Zerg Flyer Armor Level 1  
  94  9:16  Spire  
  93  9:18  Drone x3  
  93  9:19  Drone x2  
  98  9:25  Drone x2  
  100  9:33  Extractor  
  99  9:40  Queen  
  99  9:45  Mutalisk x2  
  101  9:48  Overlord  
  101  9:49  Overlord x5  
  105  10:03  Extractor  
  105  10:04  Drone  
  105  10:05  Drone  
  108  10:07  Drone x5  
  105  11:03  Mutalisk  
  105  11:04  Mutalisk x17  
  135  11:28  Mutalisk x3  
  135  11:29  Zergling x2  
  135  11:30  Zergling x16  
  148  11:42  Drone x5  
  153  11:54  Queen  
  153  11:57  Hatchery  
  154  12:01  Queen  
  154  12:04  Mutalisk x3, Extractor  
  154  12:05  Mutalisk x2  
  154  12:06  Hatchery, Zergling x2  
  154  12:07  Zergling x10  
  170  12:10  Infestation Pit  
  169  12:22  Evolution Chamber  
  168  12:47  Drone x4  
  168  12:48  Drone, Overlord x2, Extractor  
  168  12:49  Overlord x5  
  164  13:31  Mutalisk  
  164  13:32  Mutalisk x10  
  164  13:34  Zergling x18  
  187  13:35  Zergling x10  
Tags
 
Add a new tag
Caveats
  • Supply blocks, unpowered buildings, or Contaminate may cause inaccurate times.
  • Supply counts are checked every 10 seconds.